 Dungeon Crawl Stone Soup version 0.27.0-1-g7a089689b8 (webtiles) character file.

Game seed: 12568633521474392912

172 MajorAdolf the Sneak (level 5, -11/44 HPs)
             Began as a Naga Wanderer on Aug 8, 2021.
             Mangled by Crazy Yiuf (13 damage)
             ... on level 2 of the Dungeon.
             The game lasted 00:09:48 (3934 turns).

MajorAdolf the Sneak (Naga Wanderer)                Turns: 3934, Time: 00:09:49

Health: -11/44     AC:  2    Str: 16    XL:     5   Next: 52%
Magic:  3/9        EV:  9    Int: 14    God:
Gold:   82         SH:  0    Dex:  8    Spells: 8/10 levels left

rFire    . . .     SeeInvis +   m - +3 dagger
rCold    + . .     Faith    .   (no shield)
rNeg     . . .     Spirit   .   d - +0 robe
rPois    +         Reflect  .   (no helmet)
rElec    .         Harm     .   g - scarf {repulsion}
rCorr    .         Rampage  .   (no gloves)
Will     .....                  (no barding)
Stlth    +++.......             (no amulet)
HPRegen  0.14/turn              l - ring of protection from cold
MPRegen  0.11/turn              (no ring)

@: short of breath, repel missiles, very slow
A: AC +1, large, see invisible, deformed body, poison resistance, slowness 2,
spit poison 1, naga tail 1
a: Spit Poison


You were on level 2 of the Dungeon.
You visited 1 branch of the dungeon, and saw 3 of its levels.

You collected 82 gold pieces.

Inventory:

Hand Weapons
 m - a +3 dagger (weapon)
Armour
 d - a +0 robe (worn)
 g - a scarf of repulsion (worn)
Jewellery
 l - a ring of protection from cold (left hand)
Scrolls
 b - a scroll of fear
 f - a scroll of teleportation {unknown}
 i - a scroll of blinking {unknown}
 j - 4 scrolls of identify {unknown}
Potions
 e - 2 potions of haste {unknown}
 h - 2 potions of flight {unknown}
 k - a potion of resistance {unknown}


   Skills:
 - Level 1.0 Fighting
 - Level 1.0 Polearms
 - Level 1.0 Throwing
 - Level 5.8 Stealth
 + Level 3.1 Spellcasting
 + Level 3.7 Conjurations
 - Level 2.0 Ice Magic


You had 8 spell levels left.
You knew the following spells:

 Your Spells              Type           Power      Damage    Failure   Level
a - Searing Ray           Conj           24%        3d4       7%          2

Your spell library contained the following spells:

 Spells                   Type           Power      Damage    Failure   Level
 Shock                    Conj/Air       28%        1d4       10%         1
 Static Discharge         Conj/Air       7%         N/A       16%         2
 Summon Small Mammal      Summ           8%         N/A       22%         1
 Call Canine Familiar     Summ           2%         N/A       54%         3
 Portal Projectile        Hex/Tloc       4%         N/A       54%         3
 Summon Guardian Golem    Hex/Summ       2%         N/A       54%         3
 Swiftness                Air            2%         N/A       54%         3
 Airstrike                Air            1%         N/A       91%         4
 Leda's Liquefaction      Hex/Erth       1%         N/A       91%         4


Dungeon Overview and Level Annotations

Branches:
Dungeon (3/15)

Altars:
Kikubaaqudgha
Wu Jian
Yredelemnul

Annotations:
D:2 Crazy Yiuf, Sigmund
D:3 2 transporters, Menkaure


Innate Abilities, Weirdness & Mutations

Your serpentine skin is tough. (AC +1)
You have supernaturally acute eyesight. (SInv)
Armour fits poorly on your strangely shaped body.
Your system is resistant to poisons. (rPois)
You cover ground very slowly.
You can spit poison.
You have a snake-like lower body.


Message History

Crazy Yiuf laughs, "Gnoll aubergine illywillydillykilly!"
You open the door.
Crazy Yiuf whimpers, "Powder ragdoll testudinal!"
Casting: Searing Ray (safe; 7% risk of failure)
Confirm with . or Enter, or press ? or * to list all spells.
Okay, then.
Press: ? - help, Shift-Dir - straight line, f - Crazy Yiuf
Aim: Crazy Yiuf, wielding a +3 quarterstaff of chaos and wearing a +1 cloak of willpower The splash of poison hits Crazy Yiuf.
Crazy Yiuf is lightly wounded.
Crazy Yiuf hits you with a +3 quarterstaff of chaos!
Crazy Yiuf freezes you.
Casting: Searing Ray (safe; 7% risk of failure)
Confirm with . or Enter, or press ? or * to list all spells.
Aiming: Searing Ray (safe; 7% risk of failure)
Press: ? - help, Shift-Dir - straight line, f/p - Crazy Yiuf
Aim: Crazy Yiuf, wielding a +3 quarterstaff of chaos and wearing a +1 cloak of willpower (lightly wounded, 79% to hit)
The searing ray hits Crazy Yiuf.
Crazy Yiuf is moderately wounded. (Press . to maintain the ray.) Crazy Yiuf screams, "Powder stair pontify!"
Crazy Yiuf hits you with a +3 quarterstaff of chaos!
The searing ray hits Crazy Yiuf.
Crazy Yiuf is heavily wounded.
Crazy Yiuf whimpers, "Mountain disdain infinity!"
Crazy Yiuf hits you with a +3 quarterstaff of chaos!
* * * LOW HITPOINT WARNING * * *
Unknown command.
The searing ray hits Crazy Yiuf.
Crazy Yiuf is severely wounded.
Crazy Yiuf hits you with a +3 quarterstaff of chaos.
* * * LOW HITPOINT WARNING * * *
You feel your power leaking away.
Unknown command.
The searing ray hits Crazy Yiuf.
Crazy Yiuf is almost dead.
You finish channeling your searing ray.
Crazy Yiuf barely misses you.
Unknown command.
Crazy Yiuf hits you with a +3 quarterstaff of chaos!
You die...

...........#####..####....#######
...........# #....# #...........
...........# #.PP.# #....#######
...........# ##P..# #......^.#
...........# ##)## #....###.#
...>.......# ##)# #....# #.#
###'#.###### #.## ###### #.#
#.#.# ##.# #.# #.#.# #@## #.#
#.#.###### #g# #.### #.#.##...#
.). #.... #.#.##.### #...# #####
#.#.##.# #).)# #.#.##.# #####
#.#.##.# #.#....# #.###########


You could see Crazy Yiuf.

Vanquished Creatures
  An orc wizard (D:3)
  4 gnolls (D:3)
  4 adders (D:3)
  A worm (D:3)
  2 dart slugs
  3 orcs (D:3)
  4 endoplasms
  3 giant cockroaches
  5 goblins
  5 hobgoblins
  3 jackals (D:3)
  7 kobolds
  4 quokkas
  4 ball pythons
  4 bats
  5 frilled lizards
  7 rats
66 creatures vanquished.

Notes
Turn   | Place    | Note
-------+----------+-------------------------------------------
     0 | D:1      | MajorAdolf the Naga Wanderer began the quest for the Orb.
     0 | D:1      | MajorAdolf set off with the following items: a +2 dagger, a
                  | scroll of fear, a +0 spear, a +0 robe; and the following
                  | spells available to memorise: Searing Ray, Static Discharge
     0 | D:1      | Reached XP level 1. HP: 18/18 MP: 1/1
   706 | D:1      | Reached XP level 2. HP: 25/25 MP: 3/3
   828 | D:1      | Reached skill level 1 in Spellcasting
   831 | D:1      | Learned a level 2 spell: Searing Ray
  1525 | D:2      | Reached XP level 3. HP: 31/31 MP: 5/5
  1776 | D:2      | Found a runed translucent door.
  1777 | D:2      | Noticed Crazy Yiuf
  1816 | D:2      | Noticed Sigmund
  2676 | D:3      | Found an ornate altar of the Wu Jian Council.
  2688 | D:3      | Reached XP level 4. HP: 26/38 MP: 2/7
  3068 | D:3      | Found a transporter.
  3251 | D:3      | Reached XP level 5. HP: 27/44 MP: 2/9
  3679 | D:3      | Found a transporter.
  3679 | D:3      | Found an ancient bone altar of Kikubaaqudgha.
  3686 | D:3      | Noticed Menkaure
  3689 | D:3      | Found a basalt altar of Yredelemnul.
  3746 | D:3      | Found a faded altar of an unknown god.
  3932 | D:2      | HP: 2/44 [Crazy Yiuf (5)]
  3934 | D:2      | Mangled by Crazy Yiuf

Illustrated notes

Levels and vault maps discovered:
D:1:      dpeg_arrival_lava_temple_mockup, layout_basic, minmay_misc_feat_cross
D:2:      layout_basic, uniq_crazy_yiuf_cottage, uniq_sigmund
D:3:      minmay_angry_zag, layout_basic, lemuel_crystal_altar,
          gammafunk_temple_of_torment, hellmonk_ecumenical_altar_dog_temple,
          minivault_14, serial_park_tiny_2

Skill      XL: |  1  2  3  4  5 |
---------------+----------------+-----
Spellcasting   | 1 2 3 |  3.1
Conjurations   | 2 3 |  3.7
Fighting       | |  1.0
Polearms       | |  1.0
Throwing       | |  1.0
Stealth        | |  5.8
Ice Magic      | |  2.0

Action                   |  1- 3 |  4- 6 || total
-------------------------+-------+-------++-------
Melee: Dagger            |    26 |    10 ||    36
 Cast: Searing Ray       |     4 |    16 ||    20
 Abil: Spit Poison       |    38 |    17 ||    55
 Stab: Sleeping          |     5 |       ||     5
Armor: Robe              |     8 |     7 ||    15
Dodge: Dodged            |    10 |    35 ||    45
